Map: Radhuset Station LE

Players

Subwayeatn - Winner!

  • Race: Zerg Zerg
  • League: Platinum
  • Spawn Location: 7:00

TheGodDoctor

  • Race: Terran Terran
  • League: Diamond
  • Spawn Location: 1:00

VOD

Have the link to the VOD?

Description

Time

  • Played on: Oct. 19, 2023, 8:59 p.m.
  • Length: 18:34
Show
View Real Time Build Order
Export as new Build Order

Subwayeatn Zerg - Winner!

Build Orders: Pool First, Lurkers 

Get SALT Encoding   

  12  0:00  Drone  
  13  0:22  Spawning Pool  
  12  0:28  Drone  
  12  0:29  Drone  
  14  0:41  Overlord  
  14  1:10  Zergling x2  
  15  1:14  Hatchery  
  14  1:26  Zergling x2  
  14  1:27  Zergling x4  
  17  1:39  Zergling x2  
  18  1:41  Queen  
  20  1:51  Overlord  
  20  2:06  Drone  
  21  2:10  Drone  
  22  2:30  Queen  
  24  2:42  Queen  
  26  2:58  Extractor, Drone x4  
  27  2:59  Drone  
  30  3:09  Hatchery  
  29  3:28  Queen  
  26  3:44  Drone x7  
  33  3:58  Overlord  
  33  4:01  Overlord  
  33  4:16  Metabolic Boost  
  33  4:18  Extractor  
  33  4:22  Evolution Chamber  
  31  4:26  Evolution Chamber  
  31  4:28  Queen  
  32  4:35  Drone x7  
  32  4:36  Drone  
  40  4:45  Lair  
  40  5:01  Pneumatized Carapace  
  40  5:19  Drone x7  
  40  5:20  Drone x4  
  51  5:31  Zerg Ground Armor Level 1  
  51  5:38  Extractor  
  51  5:39  Extractor, Drone  
  51  5:42  Overlord x2  
  50  5:43  Overlord  
  50  5:55  Hydralisk Den  
  49  6:00  Drone x3  
  49  6:01  Drone x3  
  55  6:29  Muscular Augments  
  55  6:31  Drone x12  
  67  6:40  Zerg Missile Weapons Level 1  
  67  6:45  Overlord  
  67  6:47  Hydralisk x3  
  73  6:58  Drone, Roach Warren  
  73  6:59  Drone  
  74  7:01  Overlord  
  74  7:02  Overlord x2  
  74  7:05  Overseer  
  74  7:11  Drone  
  75  7:23  Spine Crawler  
  74  7:33  Grooved Spines  
  74  7:39  Drone x2  
  74  7:40  Hydralisk x8  
  74  7:41  Lurker Den  
  93  7:44  Roach  
  93  7:45  Roach  
  93  7:50  Drone  
  93  7:51  Drone x2, Extractor  
  97  7:52  Drone x3, Extractor  
  101  7:58  Roach  
  101  7:59  Roach x2  
  105  8:08  Overseer  
  105  8:15  Overseer  
  105  8:24  Overlord  
  105  8:25  Overlord x3  
  105  8:29  Zergling x2  
  106  8:35  Hatchery  
  106  8:36  Ravager  
  106  8:38  Extractor, Ravager  
  106  8:39  Extractor, Ravager  
  106  8:53  Infestation Pit  
  105  9:02  Lurker x4  
  109  9:03  Lurker x2  
  111  9:12  Drone x2  
  111  9:13  Glial Reconstitution  
  113  9:20  Drone  
  113  9:21  Drone x5  
  119  9:24  Zerg Missile Weapons Level 2  
  106  10:01  Roach x2  
  106  10:02  Roach x17  
  133  10:20  Overseer  
  122  10:23  Hydralisk x6  
  122  10:26  Overlord x2  
  122  10:27  Overlord x6  
  128  10:36  Hive  
  128  10:44  Queen  
  130  10:52  Zerg Ground Armor Level 2  
  130  10:56  Ravager x5  
  135  10:57  Ravager  
  135  11:02  Drone  
  135  11:03  Drone  
  138  11:11  Hydralisk  
  138  11:12  Hydralisk x12  
  164  11:23  Lurker x2  
  166  11:26  Lurker  
  166  11:30  Lurker  
  168  11:40  Drone x4  
  168  11:41  Drone  
  168  11:46  Overlord  
  168  11:47  Overlord x2  
  173  11:49  Overseer  
  121  12:26  Zergling x2  
  121  12:27  Zergling x38  
  121  12:28  Zergling x4  
  109  12:45  Overlord x2  
  109  12:48  Zerg Missile Weapons Level 3, Hydralisk  
  109  12:49  Hydralisk x3  
  117  12:52  Overseer x3  
  117  12:53  Overseer  
  117  12:54  Overseer x2  
  117  13:05  Drone  
  118  13:18  Hatchery  
  117  13:24  Hydralisk x7  
  117  13:25  Hydralisk x5  
  141  13:44  Zergling x2  
  141  13:45  Zergling x10, Hatchery  
  146  13:53  Adaptive Talons  
  146  13:59  Hydralisk  
  146  14:00  Ultralisk Cavern, Hydralisk x6  
  159  14:10  Drone x2  
  159  14:11  Drone  
  162  14:20  Overlord  
  162  14:21  Overlord  
  162  14:22  Overlord  
  162  14:25  Overseer  
  162  14:35  Drone  
  162  14:36  Drone x3  
  166  14:40  Extractor, Hydralisk  
  166  14:41  Hydralisk x7, Extractor  
  180  14:50  Seismic Spines  
  175  14:56  Chitinous Plating  
  175  14:58  Spire  
  172  15:00  Ultralisk  
  172  15:01  Ultralisk x3  
  172  15:05  Hydralisk  
  172  15:06  Hydralisk  
  196  15:37  Zergling x6  
  185  16:15  Anabolic Synthesis  
  104  16:41  Corruptor x16  
  104  16:42  Corruptor  
  104  16:45  Corruptor x9  
  148  16:48  Queen  
  148  16:52  Ultralisk x3  
  146  17:31  Overlord x2  
  146  17:32  Overlord x6  
  146  17:49  Queen  
  146  17:50  Overlord x3  
  148  18:02  Zergling x2  
  148  18:03  Zergling x20  
  177  18:08  Extractor  
  177  18:09  Zergling x6, Extractor  
  177  18:10  Zergling x2  
Show
View Real Time Build Order
Export as new Build Order

TheGodDoctor Terran 

Build Orders: Command Center First 

Get SALT Encoding   

  12  0:00  SCV  
  13  0:12  SCV  
  14  0:18  Supply Depot  
  14  0:24  SCV  
  15  0:40  SCV  
  16  0:52  SCV  
  17  1:03  Command Center  
  17  1:05  SCV  
  18  1:17  Barracks  
  18  1:18  SCV  
  19  1:33  SCV  
  19  1:34  Supply Depot  
  20  1:45  SCV  
  21  1:57  Barracks, SCV  
  22  2:09  SCV  
  22  2:12  Bunker  
  22  2:27  Marine  
  22  2:34  Orbital Command  
  22  2:35  Command Center  
  22  2:47  Marine  
  22  2:48  Marine  
  24  2:54  Orbital Command  
  24  3:04  SCV  
  24  3:05  Marine x2  
  27  3:16  SCV  
  30  3:28  SCV  
  28  3:34  Orbital Command  
  27  3:50  Bunker  
  27  3:54  Supply Depot  
  27  3:59  SCV  
  27  4:02  Refinery  
  29  4:03  Refinery  
  29  4:04  Orbital Command  
  28  4:11  SCV  
  29  4:24  SCV  
  29  4:25  SCV  
  31  4:34  SCV  
  31  4:37  SCV x2  
  34  4:41  Refinery  
  34  4:46  SCV  
  34  4:49  SCV x2  
  34  4:51  Engineering Bay  
  37  4:55  Refinery  
  38  5:01  SCV x2  
  38  5:03  Orbital Command  
  39  5:13  Factory  
  39  5:18  Command Center  
  39  5:20  SCV x2  
  39  5:21  Command Center  
  41  5:30  SCV  
  41  5:32  SCV x2  
  44  5:42  SCV  
  45  5:44  SCV x2  
  47  5:55  Supply Depot  
  47  6:01  SCV x2  
  49  6:14  Factory Reactor  
  49  6:25  Starport  
  49  6:28  Starport x2  
  49  6:32  SCV x3  
  52  6:40  Missile Turret  
  52  6:41  Missile Turret  
  52  6:42  Missile Turret  
  52  6:44  SCV x2  
  52  6:45  Missile Turret x2, SCV  
  55  6:48  Orbital Command x2, Missile Turret x2  
  55  6:51  Hi-Sec Auto Tracking  
  55  6:52  Missile Turret, Widow Mine x2  
  59  7:00  Missile Turret  
  59  7:06  SCV x3  
  62  7:10  Refinery  
  62  7:12  Refinery  
  62  7:15  Starport Tech Lab  
  62  7:16  Starport Tech Lab  
  62  7:17  Starport Reactor  
  62  7:18  SCV x3  
  62  7:19  Widow Mine x2  
  69  7:25  Starport x2  
  69  7:28  Armory  
  69  7:40  Widow Mine x2  
  73  7:51  Hyperflight Rotors  
  73  7:53  Neosteel Armor  
  73  8:01  Widow Mine  
  73  8:02  Widow Mine  
  77  8:07  Viking x2  
  77  8:09  Starport Tech Lab x2  
  77  8:10  Cloaking Field  
  81  8:18  Terran Vehicle And Ship Armor Level 1  
  81  8:33  Command Center  
  81  8:34  SCV x5  
  84  8:39  Supply Depot  
  86  8:42  Widow Mine x2, Supply Depot  
  86  8:43  Supply Depot  
  86  8:44  Supply Depot  
  90  8:51  Banshee x3  
  90  8:52  Banshee  
  102  9:03  Widow Mine x2  
  102  9:09  Supply Depot  
  106  9:10  Supply Depot  
  100  9:33  Viking x2  
  100  9:34  Banshee x4  
  110  10:03  Viking x2  
  111  10:13  Terran Ship Weapons Level 1  
  99  10:17  Banshee x4  
  111  10:30  Command Center  
  111  10:31  Barracks  
  111  10:33  Viking x2  
  115  10:52  Command Center x2  
  115  11:00  Raven x2, Viking x2  
  115  11:01  Armory  
  115  11:03  Viking x2  
  127  11:19  Orbital Command  
  127  11:21  Fusion Core  
  127  11:30  Viking x2  
  131  11:34  Raven, Refinery x2  
  131  11:35  Orbital Command  
  133  11:42  Missile Turret x2  
  133  11:45  Missile Turret  
  133  11:54  Missile Turret  
  100  12:40  Planetary Fortress  
  100  12:42  Raven x2, Banshee x2  
  110  12:54  Orbital Command  
  110  13:09  SCV x2  
  110  13:10  SCV x3  
  115  13:15  Banshee  
  115  13:16  Banshee, Refinery  
  121  13:21  SCV  
  121  13:22  Widow Mine x2, SCV x3  
  121  13:25  Banshee, Battlecruiser  
  138  13:28  Factory  
  138  13:31  Terran Vehicle And Ship Armor Level 2  
  138  13:34  Terran Ship Weapons Level 2  
  138  13:41  Starport  
  138  13:43  Widow Mine  
  138  13:44  Widow Mine, Starport  
  142  13:59  Battlecruiser  
  142  14:01  Command Center  
  148  14:05  Missile Turret, Widow Mine x2  
  152  14:11  Battlecruiser x2  
  152  14:14  Viking x2  
  168  14:26  Missile Turret, Widow Mine x2  
  168  14:29  Viking  
  174  14:48  Missile Turret  
  174  15:02  Viking x2  
  174  15:04  Battlecruiser x2  
  190  15:19  Refinery  
  190  15:21  Battlecruiser  
  190  15:28  Refinery  
  196  15:30  Barracks  
  196  15:32  Barracks  
  196  15:34  Barracks  
  196  15:37  Barracks  
  196  15:38  Barracks, Supply Depot  
  196  15:40  Supply Depot  
  122  16:31  Battlecruiser x3  
  122  16:32  Battlecruiser  
  88  17:33  Factory  
  88  17:36  Factory  
  88  17:37  Factory  
  82  17:40  Factory  
  82  17:49  SCV  
  82  17:50  SCV x6  
  89  18:02  SCV  
  89  18:05  Refinery  
  90  18:13  Missile Turret  
  90  18:14  Missile Turret x2  
  90  18:15  Missile Turret x2  
Tags
 
Add a new tag
Caveats
  • Supply blocks, unpowered buildings, or Contaminate may cause inaccurate times.
  • Supply counts are checked every 10 seconds.